 Dungeon Crawl Stone Soup version 0.14-a0-1844-g8283a67 (webtiles) character file.

1420 MirrMurr the Covert (level 8, 0/36 HPs)
             Began as a Spriggan Enchanter on Jan 11, 2014.
             Was a Follower of Ashenzari.
             Killed from afar by an orc wizard (6 damage)
             ... with a magic dart
             ... on Level 5 of the Dungeon.
             The game lasted 00:19:24 (6747 turns).

MirrMurr the Covert (Spriggan Enchanter)            Turns: 6747, Time: 00:19:24

HP   0/36        AC  5     Str  6      XL: 8   Next: 22%
MP   7/23        EV 18     Int 16      God: Ashenzari [*.....]
Gold 204         SH  0     Dex 17      Spells:  2 memorised, 11 levels left

rFire  . . .     SeeInvis +     a - +3 orc dagger (curse)
rCold  . . .     Clarity  .     b - +1 robe (curse)
rNeg   . . .     Conserve .     (shield restricted)
rPois  .         rCorr    .     (helmet restricted)
rElec  .         rRot     .     (no cloak)
SustAb . .       Spirit   .     (gloves unavailable)
rMut   .         Warding  .     (boots unavailable)
Saprov . . .     Stasis   .     (no amulet)
                                (no ring)
                                v - +2 ring of protection

@: mildly poisoned, very slightly contaminated, very quick, somewhat resistant
to hostile enchantments, extremely stealthy
A: unfitting armour, see invisible, herbivore 3, speed 3, slow metabolism 2
a: Renounce Religion


You were on level 5 of the Dungeon.
You worshipped Ashenzari.
Ashenzari was aware of your devotion.
You were hungry.

You visited 2 branches of the dungeon, and saw 7 of its levels.
You also visited: Ossuary.

You collected 204 gold pieces.

Inventory:

Hand weapons
 a - a cursed +3,+3 orcish dagger (weapon)
 q - a +1,+2 short sword of speed
Missiles
 d - 10 darts (quivered)
Armour
 b - a cursed +1 robe (worn)
 i - a +0 robe
 s - a +0 robe
 y - a cursed +0 robe
 z - a +2 orcish robe
 A - a +2 orcish robe
 D - a +0 robe
Magical devices
 n - a wand of random effects (15)
 p - a wand of random effects (10)
 E - a wand of fireball (0)
Comestibles
 g - 11 grapes
 j - an apple
 l - 3 bread rations
 B - an orange
Scrolls
 f - 5 scrolls of remove curse
 k - a scroll of curse armour
 m - 2 scrolls of amnesia
 x - a scroll of teleportation
 G - a scroll of identify {unknown}
Jewellery
 t - an uncursed amulet of stasis {unknown}
 v - a +2 ring of protection (left hand)
 C - an uncursed ring of protection from magic {unknown}
Potions
 e - a potion of porridge
 h - a potion of curing
 o - 2 potions of restore abilities
 r - a potion of agility {unknown}
 u - a potion of degeneration {unknown}
 w - a potion of magic {unknown}
 F - a potion of heal wounds {unknown}
Books
 c - a book of Maledictions

   Spells                             Type                      Level
   Corona                             Hexes                        1
   Sure Blade                         Hexes/Charms                 2
   *Ensorcelled Hibernation           Hexes/Ice                    2
   *Confuse                           Hexes                        3
   Enslavement                        Hexes                        4
   Invisibility                       Hexes                        6


   Skills:
 - Level 7.0 Short Blades
 - Level 1.1 Throwing
 - Level 3.0 Dodging
 + Level 10.2 Stealth
 + Level 4.7 Spellcasting
 * Level 4.5 Hexes


You had 11 spell levels left.
You knew the following spells:

 Your Spells              Type           Power        Failure   Level  Hunger
a - Ensorcelled Hibernat  Hex/Ice        ##....       12%         2    #......
b - Confuse               Hex            ###.....     10%         3    ###....


Dungeon Overview and Level Annotations

Branches:
Dungeon (6/16)             Temple (1/1) D:4

Altars:
Ashenzari
Elyvilon
Makhleb
Nemelex Xobeh
Okawaru
Sif Muna
Trog
Xom
Yredelemnul
Zin
the Shining One


Innate Abilities, Weirdness & Mutations

You are tiny and cannot use many weapons and most armour.
You have supernaturally acute eyesight.
You are a herbivore.
You cover ground extremely quickly.
You need consume almost no food.


Message History

You climb upwards.
You feel sick.
There is a stone staircase leading down here.
Casting: Ensorcelled Hibernation
Confirm with . or Enter, or press ? or * to list all spells.
Aiming: Confuse
Press: ? - help, Shift-Dir - straight line, f - orc wizard
Aim: an orc wizard, wielding an orcish dagger and wearing an orcish robe (severely wounded, moving very quickly)
The orc wizard resists.
The orc wizard closely misses you.
The orc wizard points at you and mumbles some strange words.
The magic dart hits you!
The orc wizard gestures at you while chanting.
The magic dart hits you!
* * * LOW HITPOINT WARNING * * *
The orc wizard hits you but does no damage.
The orc wizard misses you.
* * * LOW HITPOINT WARNING * * *
You feel sick.
The orc wizard points at you and mumbles some strange words.
The magic dart hits you!
You die...

#..###...#.# #..... ..##.'.....#
#..... #..###...#.# #.....
##.%##.[##.# #.....
###..#.###.#################.....
#.....##.'...............b.......
#......###....oo........b........
#..%..).##.......................
#........#......@................
#................................
#%...................b........>..
#.........)....%.....)...........
#................................
#................................
############################.....
#..... #.....


You could see 2 orc wizards.

Vanquished Creatures
  The ghost of Restia the Chopper, an average MiFi (D:4)
  The ghost of dsn the Slasher, an average LOFi (D:5)
  Edmund (D:5)
  An orc warrior (D:6)
  An ogre (D:6)
  A phantom (D:4)
  A centaur (D:5)
  Blork the orc (D:5)
  A crimson imp (D:5)
  An orc priest (D:6)
  2 orc wizards
  2 worker ants
  Ijyb (D:5)
  A mummy (D:5)
  4 adders
  2 worms
  An adder skeleton (D:4)
  An ooze (D:4)
  15 orcs
  4 giant cockroaches
  6 goblins
  6 hobgoblins
  12 jackals
  12 kobolds
  4 training dummies (D:5)
  4 ball pythons
  12 bats
  6 giant newts
  A gnoll skeleton (Ossuary)
  A goblin zombie (D:5)
  A hobgoblin skeleton (D:5)
  A kobold skeleton (D:6)
  2 orc skeletons (Ossuary)
  An orc zombie (D:5)
  2 quokkas
  10 rats
  A butterfly (D:5)
125 creatures vanquished.

Notes
Turn   | Place    | Note
--------------------------------------------------------------
     0 | D:1      | MirrMurr, the Spriggan Enchanter, began the quest for the Orb.
     0 | D:1      | Reached XP level 1. HP: 9/9 MP: 4/4
    77 | D:1      | Reached skill level 4 in Stealth
   632 | D:1      | Reached XP level 2. HP: 13/13 MP: 7/7
  1326 | D:2      | Reached skill level 5 in Stealth
  1418 | D:2      | Learned a level 2 spell: Ensorcelled Hibernation
  1626 | D:2      | Reached XP level 3. HP: 16/16 MP: 9/9
  2329 | D:2      | Found a deep blue altar of Sif Muna.
  2499 | D:3      | Reached skill level 6 in Stealth
  2638 | D:3      | Reached XP level 4. HP: 17/21 MP: 0/12
  3726 | D:4      | Learned a level 3 spell: Confuse
  3778 | D:4      | Reached XP level 5. HP: 21/24 MP: 9/14
  3978 | D:4      | Noticed Restia's ghost (average MiFi)
  4009 | D:4      | Killed Restia's ghost
  4009 | D:4      | Reached skill level 5 in Short Blades
  4009 | D:4      | Reached skill level 7 in Stealth
  4009 | D:4      | Reached XP level 6. HP: 28/28 MP: 8/17
  4620 | D:4      | Noticed a phantom
  4622 | D:4      | Killed a phantom
  4622 | D:4      | Reached skill level 8 in Stealth
  4656 | D:4      | Found a sparkling altar of Nemelex Xobeh.
  4991 | D:4      | Found a staircase to the Ecumenical Temple.
  4997 | Temple   | Entered the Ecumenical Temple
  5025 | Temple   | Became a worshipper of Ashenzari the Shackled
  5396 | D:5      | Entered Level 5 of the Dungeon
  5396 | D:5      | Found a shimmering altar of Xom.
  5396 | D:5      | Noticed Blork the orc
  5397 | D:5      | Killed Blork the orc
  5397 | D:5      | Reached XP level 7. HP: 32/32 MP: 18/20
  5443 | D:5      | Found an iron altar of Okawaru.
  5596 | D:5      | Noticed Ijyb
  5602 | D:5      | Killed Ijyb
  5622 | D:5      | Noticed dsn's ghost (average LOFi)
  5632 | D:5      | Noticed Edmund
  5634 | D:5      | Killed dsn's ghost
  5634 | D:5      | Reached skill level 9 in Stealth
  5641 | D:5      | Killed Edmund
  5699 | D:5      | Found a sand-covered staircase.
  5913 | Ossuary  | Entered an ossuary
  5913 | Ossuary  | Noticed a guardian mummy
  5913 | Ossuary  | Noticed a guardian mummy
  5913 | Ossuary  | Noticed a guardian mummy
  6334 | D:6      | Reached XP level 8. HP: 36/36 MP: 16/23
  6351 | D:6      | Reached skill level 10 in Stealth
  6747 | D:5      | Killed from afar by an orc wizard

Action                   |  1- 3 |  4- 6 |  7- 9 || total
-------------------------+-------+-------+-------++-------
Melee: Dagger            |   148 |   218 |   103 ||   469
Throw: Dart              |     9 |       |       ||     9
 Cast: Ensorcelled Hiber |     8 |    10 |    20 ||    38
       Corona            |     1 |       |       ||     1
       Confuse           |       |     8 |     8 ||    16
Evoke: Wand              |       |       |     3 ||     3
  Use: Potion            |     3 |       |       ||     3
       Scroll            |     1 |     8 |     1 ||    10
 Stab: Sleeping          |    17 |    12 |    18 ||    47
       Distracted        |       |     1 |       ||     1
       Confused          |       |     3 |     2 ||     5
